 Dungeon Crawl Stone Soup version 0.19-a0-1922-g1e9a4c1 (webtiles) character file.

697 Goblin1989 the Cutter (level 7, 0/51 HPs)
             Began as a Demonspawn Assassin on Oct 24, 2016.
             Was an Initiate of Gozag.
             Killed by divine providence
             ... invoked by an orc priest
              (15 damage)
             ... on level 6 of the Dungeon.
             The game lasted 00:11:21 (4266 turns).

Goblin1989 the Cutter (Demonspawn Assassin)         Turns: 4266, Time: 00:11:23

Health: 0/51       AC:  5    Str: 11    XL:     7   Next: 37%
Magic:  0/7        EV: 12    Int: 12    God:    Gozag
Gold:   546        SH:  0    Dex: 17    Spells: 0 memorised, 6 levels left

rFire  . . .     SeeInvis .     a - +2 dagger
rCold  . . .     Gourm    .     c - +0 robe
rNeg   . . .     Faith    .     (no shield)
rPois  +         Spirit   +     (helmet restricted)
rElec  .         Reflect  .     d - +0 cloak
rCorr  .         Harm     .     m - +0 pair of gloves
MR     .....                    (no boots)
Stlth  +++.......               u - amulet of guardian spirit
                                o - ring of poison resistance
                                y - +3 ring of slaying

@: no status effects
A: antennae 1, rugged brown scales 1
a: Potion Petition, Call Merchant, Bribe Branch, Renounce Religion


You were on level 6 of the Dungeon.
You worshipped Gozag.
Gozag was pleased with you.
You were hungry.

You visited 1 branch of the dungeon, and saw 6 of its levels.

You collected 576 gold pieces.
You paid 30 gold pieces to Gozag.

Inventory:

Hand Weapons
 a - a +2 dagger (weapon)
 w - a +0 blowgun {@w1}
Missiles
 e - 36 poisoned needles
 f - 2 curare-tipped needles
Armour
 c - a +0 robe (worn)
 d - a +0 cloak (worn)
 m - a +0 pair of gloves (worn)
Jewellery
 o - a ring of poison resistance (right hand)
 q - a +3 ring of intelligence
 u - an amulet of guardian spirit (around neck)
 y - a +3 ring of slaying (left hand)
Wands
 s - a wand of disintegration (9/24)
 A - a wand of acid (0/15)
 I - a wand of iceblast (10/15)
Scrolls
 b - 3 scrolls of amnesia {unknown}
 i - 3 scrolls of remove curse {unknown}
 l - 5 scrolls of teleportation {unknown}
 n - 8 scrolls of identify {unknown}
 t - 2 scrolls of magic mapping {unknown}
 v - 3 scrolls of immolation {unknown}
Potions
 j - 2 potions of curing {@q1}
 p - a potion of agility {unknown}
 r - 2 potions of brilliance {unknown}
 x - a potion of flight {unknown}
Comestibles
 g - a bread ration {@e1}
 h - 6 meat rations {@e2}


   Skills:
 - Level 2.0 Fighting
 * Level 6.8 Short Blades
 - Level 1.7 Throwing
 - Level 0.8 Dodging
 + Level 5.2 Stealth


You had 6 spell levels left.
You didn't know any spells.

Dungeon Overview and Level Annotations

Branches:
Dungeon (6/15)             Temple (0/1) D:5

Altars:
Gozag
Kikubaaqudgha
Nemelex Xobeh

Annotations:
D:3 Grinder
D:4 exclusion: Edmund, anet's ghost, amateur HEIE
D:5 UnlimitedFusion's ghost, novice GrGl


Innate Abilities, Weirdness & Mutations

You have a pair of small antennae on your head.
You are partially covered in rugged brown scales. (AC +1, +3% HP)


Message History

You completely miss the orc priest.
The orc priest is almost dead.
A jackal comes into view.
You hit the orc priest but do no damage.
The orc priest is almost dead.
The orc priest misses you.
You hit the orc priest.
The orc priest is almost dead.
Unknown command.
You closely miss the orc priest.
The orc priest is almost dead.
You hit the orc wizard.
The orc wizard is lightly wounded.
The orc priest mumbles some strange prayers to Beogh against you.
Beogh smites you!
* * * LOW HITPOINT WARNING * * *
The orc priest mumbles some strange prayers to Beogh against you.
Beogh smites you!
You die...
Your body crumbles into a pile of gold.

$ █.█ .......██.
....██.█.......
█.█.██.██.█.██.
█.█.██.██.█.██.
██.█.██.██.█.██.
.......██......
█.█.██.██.█.██.
█.████████.█.██.██.█.██.
..hoooo@................
█.████████.█.██.██.█.███
█.█.██.██.█.█


█████████████ You could see 2 orc priests, an orc wizard, an orc and a jackal.

Vanquished Creatures
  Edmund (D:4)
  2 phantoms
  A necrophage (D:6)
  An ogre (D:5)
  A hound (D:6)
  A centaur skeleton (D:4)
  A worker ant (D:6)
  Robin (D:3)
  4 adders
  A gnoll (D:1)
  A worm (D:2)
  4 dart slugs
  2 leopard geckos
  8 orcs
  5 giant cockroaches
  11 goblins
  6 hobgoblins (D:3)
  A quokka (D:2)
  8 bats
  3 frilled lizards
  A giant cockroach zombie (D:6)
  11 kobolds
  10 rats
85 creatures vanquished.

Notes
Turn   | Place    | Note
-------+----------+-------------------------------------------
     0 | D:1      | Goblin1989 the Demonspawn Assassin began the quest for the Orb.
     0 | D:1      | Reached XP level 1. HP: 16/16 MP: 1/1
    60 | D:1      | Reached skill level 2 in Short Blades
   158 | D:1      | Gained mutation: You have a pair of small antennae on your head. [demonic ancestry]
   158 | D:1      | Reached XP level 2. HP: 14/22 MP: 2/2
   347 | D:1      | Reached skill level 3 in Short Blades
   479 | D:1      | Gained mutation: You are partially covered in rugged brown scales. (AC +1, +3% HP) [demonic ancestry]
   479 | D:1      | Reached XP level 3. HP: 17/27 MP: 3/3
   885 | D:2      | Found an opulent altar of Gozag.
   886 | D:2      | Found a sparkling altar of Nemelex Xobeh.
   895 | D:2      | Became a worshipper of Gozag Ym Sagoz the Greedy
  1120 | D:2      | Found a faded altar of an unknown god.
  1398 | D:2      | Reached XP level 4. HP: 33/33 MP: 4/4
  1540 | D:3      | Reached skill level 4 in Short Blades
  1882 | D:3      | Noticed Grinder
  1946 | D:3      | Noticed Robin
  1968 | D:3      | Killed Robin
  2598 | D:3      | Found an ancient bone altar of Kikubaaqudgha.
  2676 | D:4      | Noticed anet's ghost (amateur HEIE)
  3071 | D:3      | Reached XP level 5. HP: 39/39 MP: 5/5
  3094 | D:4      | Noticed a phantom
  3101 | D:4      | Noticed Edmund
  3227 | D:4      | Killed Edmund
  3227 | D:4      | Reached skill level 5 in Short Blades
  3227 | D:4      | Reached XP level 6. HP: 34/45 MP: 6/6
  3461 | D:5      | Entered Level 5 of the Dungeon
  3475 | D:5      | Found a staircase to the Ecumenical Temple.
  3518 | D:5      | Noticed UnlimitedFusion's ghost (novice GrGl)
  3534 | D:5      | Reached skill level 6 in Short Blades
  3896 | D:6      | Reached XP level 7. HP: 46/51 MP: 7/7
  3955 | D:6      | Reached skill level 5 in Stealth
  4266 | D:6      | Killed from afar by an orc priest

Vault maps used:
D:1:      lordsloth_arrival_two_stooges, roderic_lattice_a
D:2:      grunt_temple_overflow_opulence, ecumenical_altar_2
D:3:      lemuel_crystal_altar, first_bread, uniq_robin, uniq_grinder
D:4:      minmay_misc_feat_chi, uniq_edmund
D:5:      lemuel_crystal_altar, okawaru_metal_pillars_1_2, serial_shops, shop,
          basic_altar
D:6:      serial_shops, shop, hangedman_decor_diamond_cutter

Skill      XL: |  1  2  3  4  5  6  7 |
---------------+----------------------+-----
Short Blades   | 2 3 4 5 6 |  6.8
Stealth        | 4 5 |  5.2
Fighting       | |  2.0
Throwing       | |  1.7
Dodging        | |  0.8

Action                   |  1- 3 |  4- 6 |  7- 9 || total
-------------------------+-------+-------+-------++-------
Melee: Dagger            |   100 |   174 |    59 ||   333
 Fire: Blowgun           |       |     2 |       ||     2
Invok: Potion Petition   |       |     1 |       ||     1
Evoke: Wand              |       |     8 |       ||     8
  Use: Potion            |       |     4 |     1 ||     5
 Stab: Sleeping          |    10 |     4 |       ||    14
       Distracted        |       |     1 |       ||     1
  Eat: Beef jerky        |     1 |       |       ||     1
       Bread ration      |       |     2 |       ||     2
Armor: Robe              |    22 |    38 |     7 ||    67
       Skin              |       |     7 |       ||     7
Dodge: Dodged            |    43 |    69 |    15 ||   127

Vault maps used:
D:1:      lordsloth_arrival_two_stooges, roderic_lattice_a
D:2:      grunt_temple_overflow_opulence, ecumenical_altar_2
D:3:      lemuel_crystal_altar, first_bread, uniq_robin, uniq_grinder
D:4:      minmay_misc_feat_chi, uniq_edmund
D:5:      lemuel_crystal_altar, okawaru_metal_pillars_1_2, serial_shops, shop,
          basic_altar
D:6:      serial_shops, shop, hangedman_decor_diamond_cutter
